 Dungeon Crawl Stone Soup version 0.22-a0-605-g9281fa2 (webtiles) character file.

218 Amnesiac the Magician (level 5, -2/26 HPs)
             Began as a Spriggan Transmuter on July 8, 2018.
             Was an Initiate of Sif Muna.
             Killed from afar by an orc wizard (9 damage)
             ... with a magic dart
             ... on level 4 of the Dungeon.
             The game lasted 00:05:47 (3910 turns).

Amnesiac the Magician (Spriggan Transmuter)         Turns: 3910, Time: 00:05:47

Health: -2/26      AC:  2    Str:  6    XL:     5   Next: 63%
Magic:  6/13       EV: 22    Int: 16    God:    Sif Muna [......]
Gold:   136        SH:  0    Dex: 16    Spells: 12/14 levels left

rFire    . . .     SeeInvis +   b - +0 hunting sling
rCold    . . .     Gourm    .   (shield restricted)
rNeg     . . .     Faith    .   e - +0 robe
rPois    .         Spirit   .   (helmet restricted)
rElec    .         Reflect  .   (no cloak)
rCorr    .         Harm     .   (gloves unavailable)
MR       .....                  (boots unavailable)
Stlth    +.........             (no amulet)
HPRegen  0.08/turn              f - +2 ring of evasion
MPRegen  0.13/turn              (no ring)

@: slowed, quick
A: very small, unfitting armour, see invisible, herbivore, speed 3, slow
metabolism 2
a: Renounce Religion


You were on level 4 of the Dungeon.
You worshipped Sif Muna.
Sif Muna was noncommittal.
You were full.

You visited 1 branch of the dungeon, and saw 4 of its levels.

You collected 136 gold pieces.

Inventory:

Hand Weapons
 b - a +0 hunting sling (weapon)
 n - a +0 short sword of draining
 t - a +0 war axe of electrocution
Missiles
 a - 60 arrows
 g - 87 stones (quivered)
 p - 17 sling bullets
Armour
 e - a +0 robe (worn)
Jewellery
 f - a +2 ring of evasion (left hand)
Scrolls
 c - 3 scrolls of teleportation {!r}
 i - 2 scrolls of amnesia {!r}
 j - a scroll of remove curse {!r, unknown}
 l - a scroll of magic mapping {!r}
 r - a scroll of enchant armour {!r, unknown}
 s - a scroll of immolation {!r, unknown}
 u - a scroll of identify {!r}
Potions
 h - a potion of flight {!q}
 k - a potion of invisibility {!q}
 m - 3 potions of curing {!q}
 o - 3 potions of haste {!q, unknown}
 q - 2 potions of heal wounds {!q, unknown}
 v - a potion of degeneration {!q, unknown}
 w - 3 potions of lignification {!q, unknown}
Comestibles
 d - 9 rations


   Skills:
 - Level 2.0 Fighting
 - Level 4.5 Dodging
 - Level 2.4 Unarmed Combat
 + Level 5.0 Spellcasting
 + Level 4.3 Transmutations


You had 12 spell levels left.
You knew the following spells:

 Your Spells              Type           Power        Failure   Level  Hunger
b - Sticks to Snakes      Tmut           ###.....     3%          2    #......

Your spell library contained the following spells:

 Spells                   Type           Power        Failure   Level  Hunger
 Spider Form              Tmut/Pois      ##........   19%         3    ###....
 Blade Hands              Tmut           ###.......   56%         5    ######.
 Ice Form                 Ice/Tmut       ##......     52%         4    ####...
 Beastly Appendage        Tmut           ###...       2%          1    None


Dungeon Overview and Level Annotations

Branches:
Dungeon (4/15)
 Temple: D:4-7

Altars:
Kikubaaqudgha
Nemelex Xobeh
Sif Muna
Wu Jian
Xom


Innate Abilities, Weirdness & Mutations

You are very small and have problems with some larger weapons.
You are too small for most types of armour.
You have supernaturally acute eyesight. (SInv)
You are a herbivore.
You cover ground extremely quickly.
You need to consume almost no food.


Message History

Press: ? - help, Shift-Dir - straight line, f - orc
Aim: an orc You shoot a stone.
The stone hits the orc.
The orc is severely wounded.
The orc dies!
Sif Muna accepts your kill.
The orc wizard barely misses your adder.
Unknown command.
You swap places.
Firing (i - inventory. (/) - cycle)
g - 92 stones (quivered)
Press: ? - help, Shift-Dir - straight line, f - orc wizard
Aim: an orc wizard, wielding a dagger and wearing a robe (heavily wounded, fast)
You shoot a stone.
The stone hits the orc wizard but does no damage.
The orc wizard is heavily wounded.
The orc wizard mumbles some strange words.
The orc wizard blinks!
The orc wizard gestures at you while chanting.
You feel yourself slow down.
Firing (i - inventory. (/) - cycle)
g - 91 stones (quivered)
Press: ? - help, Shift-Dir - straight line, f/p - orc wizard
Aim: an orc wizard, wielding a dagger and wearing a robe (moderately wounded, fast)
You shoot a stone. The stone hits the orc wizard.
The orc wizard is heavily wounded.
The orc wizard casts a spell at you. The magic dart hits you!
Firing (i - inventory. (/) - cycle)
g - 90 stones (quivered)
Press: ? - help, Shift-Dir - straight line, f/p - orc wizard
Aim: an orc wizard, wielding a dagger and wearing a robe (heavily wounded, fast)
You shoot a stone. The stone hits the orc wizard.
The orc wizard is severely wounded.
The orc wizard casts a spell.
The orc wizard blinks!
Unknown command.
Your adder withers and dies!
The orc wizard points at you and mumbles some strange words.
The magic dart hits your adder.
Your adder dies!
You see here a stone.
The orc wizard gestures at you while chanting.
The magic dart hits you!
* * * LOW HITPOINT WARNING * * *
Firing (i - inventory. (/) - cycle)
g - 89 stones (quivered)
Press: ? - help, Shift-Dir - straight line, f/p - orc wizard
Aim: an orc wizard, wielding a dagger and wearing a robe (severely wounded, fast)
You shoot a stone. The stone barely misses the orc wizard.
The orc wizard is no longer moving quickly.
The orc wizard points at you and mumbles some strange words.
The magic dart hits you!
* * * LOW HITPOINT WARNING * * *
The orc wizard mumbles some strange words.
The orc wizard blinks!
Firing (i - inventory. (/) - cycle)
g - 88 stones (quivered)
Press: ? - help, Shift-Dir - straight line, f/p - orc wizard
Aim: an orc wizard, wielding a dagger and wearing a robe (severely wounded)
You shoot a stone.
The stone closely misses the orc wizard.
The orc wizard misses you.
Casting: Sticks to Snakes (safe; 3% risk of failure)
Confirm with . or Enter, or press ? or * to list all spells.
You create a snake!
You now have 60 arrows.
The orc wizard casts a spell at you. The magic dart hits you!
You die...

.........#..............#
..#.##...(........#S###.#
..#.##............#...#
..#.##...........(#.#.#
..# ##............#.#...#
..# #............#.#.###
..# #..........(.#.#..
#.# #.........o..#.#.. .#
#........).@(#.#<.# .
....######.#(#.##.# ..
######.#S#.##.###
..............>..#
.###.####.######.#
........#)######
.###...........#
.......o.......#
...)..(........#


You could see an orc wizard and a friendly adder.

Vanquished Creatures
  A worker ant (D:4)
  3 adders
  An ooze (D:1)
  A dart slug (D:1)
  2 leopard geckos (D:3)
  5 orcs
  15 goblins
  9 hobgoblins
  7 jackals
  A quokka (D:3)
  4 bats
  6 frilled lizards
  14 kobolds
  7 rats
76 creatures vanquished.

Vanquished Creatures (collateral kills)
  An orc priest (D:4)
  2 orc wizards
  Robin (D:2)
  2 adders
  An ooze (D:1)
  2 orcs
9 creatures vanquished.

Grand Total: 85 creatures vanquished

Notes
Turn   | Place    | Note
-------+----------+-------------------------------------------
     0 | D:1      | Amnesiac the Spriggan Transmuter began the quest for the Orb.
     0 | D:1      | Reached XP level 1. HP: 9/9 MP: 5/5
   287 | D:1      | Reached skill level 1 in Fighting
   454 | D:1      | Reached skill level 3 in Spellcasting
   454 | D:1      | Reached XP level 2. HP: 12/14 MP: 5/7
   458 | D:1      | Learned a level 2 spell: Sticks to Snakes
  1240 | D:2      | Noticed Robin
  1315 | D:2      | Reached XP level 3. HP: 14/18 MP: 8/8
  2071 | D:1      | Reached XP level 4. HP: 17/23 MP: 10/10
  2164 | D:2      | Killed Robin
  2515 | D:2      | Reached skill level 4 in Spellcasting
  2969 | D:3      | Found an ornate altar of the Wu Jian Council.
  2970 | D:3      | Found a deep blue altar of Sif Muna.
  2971 | D:3      | Found an ancient bone altar of Kikubaaqudgha.
  2973 | D:3      | Found a sparkling altar of Nemelex Xobeh.
  2977 | D:3      | Became a worshipper of Sif Muna the Loreminder
  3094 | D:3      | Reached XP level 5. HP: 17/26 MP: 12/12
  3263 | D:3      | Found a hide-covered altar of Uskayaw.
  3266 | D:3      | Found an ancient bone altar of Kikubaaqudgha.
  3266 | D:3      | Found a burning altar of Makhleb.
  3268 | D:3      | Found a shimmering altar of Xom.
  3268 | D:3      | Found a stormy altar of Qazlal.
  3268 | D:3      | Found a shimmering altar of Xom.
  3900 | D:4      | Reached skill level 5 in Spellcasting
  3910 | D:4      | Killed from afar by an orc wizard

Vault maps used:
D:1:      dpeg_arrival_yet_another_circle
D:2:      uniq_robin
D:3:      minitemple, doesnt_xom_only_xom
D:4:      kennysheep_big_flooded_room

Skill      XL: |  1  2  3  4  5 |
---------------+----------------+-----
Fighting       | 1 2 |  2.0
Spellcasting   | 3 4 5 |  5.0
Transmutations | 3 4 |  4.3
Dodging        | 4 |  4.5
Unarmed Combat | |  2.4

Action                   |  1- 3 |  4- 6 || total
-------------------------+-------+-------++-------
Melee: Unarmed           |   109 |       ||   109
       Kick              |    10 |       ||    10
       Headbutt          |     9 |       ||     9
       Punch             |     2 |       ||     2
 Fire: Hunting sling     |    74 |   172 ||   246
 Cast: Beastly Appendage |    17 |       ||    17
       Sticks to Snakes  |     4 |    13 ||    17
  Use: Scroll            |       |     4 ||     4
       Potion            |       |     1 ||     1
  Eat: Ration            |       |     3 ||     3
Armor: Robe              |    10 |     4 ||    14
Dodge: Dodged            |   143 |    76 ||   219

Table legend:
 A = Spawn XP
 B = Non-spawn XP
 C = Spawn XP percentage of total XP
 D = Spawn monster count
 E = Non-spawn monster count
 F = Spawn count percentage of total count
 G = Total turns spent on level
                    A         B        C        D         E        F      G
               +---------+---------+-------+---------+---------+-------+---------
         Total |       0 |     312 |   0.0 |       0 |      85 |   0.0 |  3910
               +---------+---------+-------+---------+---------+-------+---------
           D:1 |       0 |      53 |   0.0 |       0 |      26 |   0.0 |  1723
           D:2 |       0 |      85 |   0.0 |       0 |      29 |   0.0 |  1130
           D:3 |       0 |      72 |   0.0 |       0 |      23 |   0.0 |   724
           D:4 |       0 |     102 |   0.0 |       0 |       7 |   0.0 |   333
               +---------+---------+-------+---------+---------+-------+---------
